 Dungeon Crawl Stone Soup version 0.30.0-30-g96aa6591b8 (webtiles) character file.

Game seed: 6348196101595370880

492 Peloso the Covered (level 6, -1/55 HPs)
             Began as a Minotaur Fighter on June 28, 2023.
             Slain by an iguana (3 damage)
             ... on level 4 of the Dungeon.
             The game lasted 00:04:38 (3254 turns).

Peloso the Covered (Minotaur Fighter)               Turns: 3254, Time: 00:04:38

Health: -1/55      AC: 15    Str: 21    XL:     6   Next: 91%
Magic:  5/5        EV:  6    Int:  5    God:
Gold:   235        SH:  5    Dex: 11    Spells: 5/5 levels left

rFire   . . .        a - +0 long sword
rCold   . . .        d - +0 buckler
rNeg    . . .        o - +0 plate armour
rPois   .            (helmet restricted)
rElec   .            (no cloak)
rCorr   .            c - +0 pair of gloves
SInv    .            t - +0 pair of boots
Will    .....        (no amulet) Stlth
                     r - ring of flight
HPRegen 0.29/turn    (no ring)
MPRegen 0.09/turn

%: no passive effects
@: flying
A: horns 2, retaliatory headbutt
a: no special abilities


You were on level 4 of the Dungeon.
You visited 1 branch of the dungeon, and saw 5 of its levels.

You collected 235 gold pieces.

Inventory:

Hand Weapons
 a - a +0 long sword (weapon)
 b - a +2 dagger of flaming
Armour
 c - a +0 pair of gloves (worn)
 d - a +0 buckler (worn)
 o - a +0 plate armour (worn)
 t - a +0 pair of boots (worn)
Jewellery
 r - a ring of flight (left hand)
Wands
 l - a wand of mindburst (11)
Scrolls
 f - a scroll of fog {unknown}
 h - 2 scrolls of enchant armour {unknown}
 i - a scroll of blinking {unknown}
 k - a scroll of poison {unknown}
 m - a scroll of identify {unknown}
 n - a scroll of fear {unknown}
 s - a scroll of amnesia {unknown}
Potions
 e - a potion of might
 g - a potion of cancellation
 j - a potion of attraction {unknown}
 q - a potion of invisibility {unknown}


   Skills:
 + Level 4.8 Fighting
 + Level 5.2 Long Blades
 + Level 5.9 Armour
 + Level 2.3 Dodging
 + Level 0.1 Stealth
 + Level 5.0 Shields


You had 5 spell levels left.
You didn't know any spells.
Your spell library was empty.

Dungeon Overview and Level Annotations

Branches:
Dungeon (5/15)
 Temple: D:4-7

Altars:
The Shining One


Innate Abilities, Weirdness & Mutations

You have a pair of horns on your head.
You reflexively headbutt those who attack you in melee.


Message History

You barely miss the orc.
The orc is almost dead.
The howler monkey hoots and howls with incredible vigour!
The orc hits you but does no damage.
The iguana bites you but does no damage.
You hit the orc but do no damage.
The orc is almost dead.
The orc barely misses you. You furiously retaliate!
You headbutt the orc.
You kill the orc!
The iguana bites you but does no damage.
Things that are here:
a +0 club; a +0 scale mail; an orc corpse The iguana attacks as you move away!
The iguana closely misses you.
A jelly comes into view.
There is a stone staircase leading up here.
The jelly hits you but does no damage.
The iguana bites you but does no damage.
You fly upwards.
There is a stone staircase leading down here.
The jelly attacks as you move away! You block the jelly's attack.
You see here a +0 whip.
The jelly attacks as you move away! The jelly hits you but does no damage.
The jelly attacks as you move away! The jelly completely misses you.
You furiously retaliate!
You headbutt the jelly! The jelly attacks as you move away!
You block the jelly's attack. The jelly attacks as you move away!
The jelly hits you but does no damage.
You hit the jelly.
Your hands burn!
* * * LOW HITPOINT WARNING * * *
The jelly is almost dead.
The jelly hits you but does no damage.
You slash the jelly!
You kill the jelly!
The iguana hisses menacingly.
The iguana bites you.
* * * LOW HITPOINT WARNING * * *
The iguana attacks as you move away! The iguana barely misses you.
You furiously retaliate!
You headbutt the iguana!
It was a potion of cancellation.
You feel magically purged. The iguana bites you.
You die...

#........<.......#........##...
#................#.............
####.##.####.##..########...##...
#..#'##.####.##..#############...
......#...........#..............
......#...........#.............#
......#...........#.............#
####.######.+##..##..###>...##...
####.####.......@l...###)...##...
.......#...###'###..........##..#
.......#...#.....#..........##..#
...[...#...#.....#...........#..#
.......#...#.._..#...........#...
####..###..#.....#.#..########...
.########..#.....#.#..###...##...
.#.....#...#######...............
.#.....#....................##..#


You could see an iguana.

Vanquished Creatures
  Sigmund (D:2)
  A black bear (D:4)
  2 jellies (D:4)
  3 hounds (D:4)
  A sleepcap (D:5)
  2 adders (D:3)
  2 dart slugs
  4 orcs
  3 bats
  4 endoplasms
  A giant cockroach (D:1)
  3 goblins (D:3)
  5 hobgoblins
  4 jackals (D:3)
  9 kobolds
  4 quokkas
  4 ball pythons
  A rat (D:1)
54 creatures vanquished.

Notes
Turn   | Place    | Note
-------+----------+-------------------------------------------
     0 | D:1      | Peloso the Minotaur Fighter began the quest for the Orb.
     0 | D:1      | Reached XP level 1. HP: 19/19 MP: 0/0
   301 | D:1      | Reached XP level 2. HP: 27/27 MP: 1/1
  1075 | D:2      | Noticed Sigmund
  1145 | D:3      | Reached XP level 3. HP: 26/33 MP: 2/2
  1393 | D:3      | Found a faded altar of an unknown god.
  1872 | D:4      | Reached XP level 4. HP: 40/40 MP: 3/3
  2034 | D:4      | Reached skill level 1 in Dodging
  2034 | D:4      | Reached XP level 5. HP: 45/47 MP: 4/4
  2054 | D:4      | Found a glowing golden altar of the Shining One.
  2173 | D:4      | Noticed a black bear
  2184 | D:4      | Killed a black bear
  2185 | D:4      | Reached skill level 5 in Armour
  2185 | D:4      | Reached XP level 6. HP: 24/53 MP: 5/5
  2562 | D:2      | Killed Sigmund
  2563 | D:2      | Reached skill level 5 in Long Blades
  3187 | D:5      | Entered Level 5 of the Dungeon
  3206 | D:5      | Reached skill level 5 in Shields
  3252 | D:4      | HP: 1/53 [iguana (6)]
  3254 | D:4      | Slain by an iguana

Illustrated notes

Levels and vault maps discovered:
D:1:      lightli_arrival_isolated_outpost, layout_basic,
          grunt_decor_mini_mirrors
D:2:      layout_basic, uniq_sigmund
D:3:      minmay_spotlight, layout_basic,
          shapermc_ecumenical_altar_mp_urbaneastern
D:4:      layout_gridville, amcnicky_altar_gilded
D:5:      layout_rooms, kennysheep_mini

Skill      XL: |  1  2  3  4  5  6 |
---------------+-------------------+-----
Fighting       | 4 |  4.8
Armour         | 4 5 |  5.9
Shields        | 4 5 |  5.0
Long Blades    | 3 4 5 |  5.2
Dodging        | 1 2 |  2.3
Stealth        | |  0.1

Action                     |  1- 3 |  4- 6 || total
---------------------------+-------+-------++-------
  Melee: Long sword        |    72 |    72 ||   144
         Headbutt          |    11 |    17 ||    28
    Use: Potion            |     5 |     3 ||     8
 Armour: Scale mail        |    63 |    10 ||    73
         Plate armour      |       |    66 ||    66
  Dodge: Dodged            |    50 |    48 ||    98
  Block: Buckler           |    22 |    33 ||    55
